 Dungeon Crawl Stone Soup version 0.30-a0-4-ga7cffc901d (webtiles) character file.

Game seed: 9976765301757700881

84221 siradein the Black Sun (level 15, -5/127 HPs)
             Began as a Demonspawn Fighter on Aug 20, 2022.
             Was a High Priest of Kikubaaqudgha.
             Killed by divine providence
             ... invoked by an orc high priest
              (8 damage)
             ... on level 2 of the Orcish Mines.
             The game lasted 01:21:45 (30421 turns).

siradein the Black Sun (Demonspawn Fighter)        Turns: 30421, Time: 01:21:46

Health: -5/127     AC:  7    Str: 18    XL:     15   Next: 34%
Magic:  38/38      EV:  7    Int: 21    God:    Kikubaaqudgha [*****.]
Gold:   2488       SH: 10    Dex: 10    Spells: 2/32 levels left

rFire   + + .      SeeInvis +    h - +6 demon trident (vamp)
rCold   x . .      Faith    .    M - +2 kite shield {reflect}
rNeg    . . .      Spirit   .    X - +0 fire dragon scales
rPois   +          Reflect  +    S - +3 hat of Pondering {ponderous, Will+ MP+10 Int+5}
rElec   .          Harm     .    R - +1 cloak {rPois}
rCorr   +          Rampage  .    (gloves unavailable)
Will    ++...                    H - +0 pair of boots {Fly}
Stlth   ..........               T - amulet of magic regeneration
HPRegen 0.31/turn                i - ring of see invisible
MPRegen 0.66/turn                m - ring of Equivalence {Wiz +Blink rCorr Dex-2}

@: wereblooded (expiring), corroded, flying, slow
A: claws 3, demonic guardian 2, foul stench 3, sharp scales 2
a: Renounce Religion, Evoke Blink, Unearth Wretches, Torment


You were on level 2 of the Orcish Mines.
You worshipped Kikubaaqudgha.
Kikubaaqudgha was extremely pleased with you.
You visited 3 branches of the dungeon, and saw 19 of its levels.
You also visited: Ossuary and Bailey.

You collected 2488 gold pieces.

Inventory:

Hand Weapons
 h - a +6 vampiric demon trident (weapon)
Missiles
 f - a throwing net
Armour
 c - a +0 buckler
 H - a +0 pair of boots of flying (worn)
 M - a +2 kite shield of reflection (worn)
 R - a +1 cloak of poison resistance (worn)
 S - the +3 hat of Pondering (worn) {ponderous, Will+ MP+10 Int+5}
   (You took it off Gastronok on level 1 of the Lair of Beasts)

   Int:       It affects your intelligence (+5).
   MP:        It affects your magic capacity (+10).
   Will:      It increases your willpower.
 X - +0 fire dragon scales (worn)
Jewellery
 i - a ring of see invisible (left claw)
 m - the ring of Equivalence (right claw) {Wiz +Blink rCorr Dex-2}
   (You found it on level 12 of the Dungeon)

   [ring of wizardry]

   It improves your spell success rate.
   Dex:       It affects your dexterity (-2).
   +Blink:    It lets you blink.
   rCorr:     It protects you from acid and corrosion.
 s - an amulet of faith
 v - a ring of positive energy
 N - an amulet of regeneration
 P - a ring of positive energy
 T - an amulet of magic regeneration (around neck)
 U - the amulet of Viaplo {Spirit Contam rElec rF+ rN+}
   (You found it on level 1 of the Lair of Beasts)

   [amulet of guardian spirit]

   It causes incoming damage to be divided between your reserves of health and
   magic.
   rF:        It protects you from fire.
   rElec:     It insulates you from electricity.
   rN:        It protects you from negative energy.
   Contam:    It causes magical contamination when unequipped.
 V - a ring of resist corrosion
Wands
 p - a wand of paralysis (4)
 D - a wand of iceblast (37)
 F - a wand of flame (45)
 I - a wand of mindburst (16)
Scrolls
 a - 9 scrolls of magic mapping
 b - 2 scrolls of blinking {unknown}
 g - 6 scrolls of fog
 k - 7 scrolls of teleportation
 l - 8 scrolls of noise {unknown}
 n - a scroll of silence
 t - 10 scrolls of immolation
 u - a scroll of torment {unknown}
 x - 4 scrolls of amnesia
 y - 3 scrolls of fear
 B - a scroll of brand weapon
 L - 7 scrolls of summoning
 W - 3 scrolls of poison
Potions
 d - 3 potions of might
 e - 5 potions of mutation
 j - a potion of ambrosia {unknown}
 q - 8 potions of curing
 r - 8 potions of haste
 w - 10 potions of heal wounds
 z - 5 potions of resistance
 A - 10 potions of cancellation
 E - 5 potions of berserk rage
 G - 7 potions of brilliance
 J - 2 potions of magic {unknown}
 K - 3 potions of invisibility
 O - 4 potions of attraction
 Q - 4 potions of lignification


   Skills:
 + Level 14.8 Fighting
 - Level 6.1 Polearms
 + Level 8.1 Armour
 + Level 4.7 Shields
 + Level 9.3 Spellcasting
 - Level 5.0 Hexes
 + Level 16.0 Necromancy
 - Level 5.0 Transmutations
 + Level 7.9 Earth Magic


You had 2 spell levels left.
You knew the following spells:

 Your Spells              Type           Power      Damage    Failure   Level
a - Animate Dead          Necr           67%        N/A       1%          4
b - Borgnjor's Vile Clut  Necr/Erth      28%        N/A       6%          5
c - Death Channel         Necr           33%        N/A       6%          6
d - Anguish               Hex/Necr       26%        N/A       3%          4
e - Wereblood             Tmut           30%        N/A       6%          2
f - Vampiric Draining     Necr           67%        2d10      1%          3
g - Simulacrum            Ice/Necr       21%        N/A       80%         6

Your spell library contained the following spells:

 Spells                   Type           Power      Damage    Failure   Level
 Necrotise                Necr           100%       1d9       1%          1
 Sublimation of Blood     Necr           67%        N/A       1%          2
 Magic Dart               Conj           36%        1d4       26%         1
 Scorch                   Fire           18%        2d6       38%         2
 Searing Ray              Conj           18%        2d5       38%         2
 Agony                    Necr           67%        N/A       1%          5
 Leda's Liquefaction      Hex/Erth       18%        N/A       19%         4
 Petrify                  Tmut/Erth      37%        N/A       19%         4
 Dazzling Flash           Conj/Hex       40%        N/A       28%         3
 Corpse Rot               Necr/Pois/Air  32%        N/A       28%         4
 Lee's Rapid Deconstruct  Erth           21%        3d13*     28%         5
 Ignite Poison            Fire/Tmut/Pois 16%        N/A       38%         3
 Conjure Flame            Conj/Fire      9%         6-21      61%         3
 Mephitic Cloud           Conj/Pois/Air  9%         N/A       61%         3
 Fulminant Prism          Conj/Hex       10%        3d9       65%         4
 Borgnjor's Revivificati  Necr           33%        N/A       91%         8
 Infestation              Necr           33%        N/A       91%         8
 Flame Wave               Conj/Fire      9%         2d6       93%         4
 Iskenderun's Mystic Bla  Conj/Tloc      9%         2d4       93%         4
 Sticky Flame             Conj/Fire      9%         2d3       93%         4
 Metabolic Englaciation   Hex/Ice        10%        N/A       93%         5
 Silence                  Hex/Air        10%        N/A       93%         5
 Statue Form              Tmut/Erth      24%        N/A       95%         6
 Freezing Cloud           Conj/Ice/Air   4%         6-21      99%         5
 Summon Cactus Giant      Summ           4%         N/A       100%        6
 Haunt                    Necr/Summ      21%        N/A       100%        7
 Summon Hydra             Summ           4%         N/A       100%        7
 Necromutation            Tmut/Necr      26%        N/A       100%        8
 Death's Door             Necr           33%        N/A       100%        9


Dungeon Overview and Level Annotations

Branches:
Dungeon (12/15)            Temple (0/1) D:6            Lair (5/5) D:8
  Swamp (0/4) Lair:2       Spider (0/4) Lair:2        Slime (0/5) Lair:5
    Orc (2/2) D:12            Elf (0/3) Orc:2       Ossuary (visited)
 Bailey (visited)

Altars:
Cheibriados
Kikubaaqudgha
Makhleb
Qazlal
Ru
Sif Muna
Yredelemnul
Jiyva

Shops:
Orc:1 :

Annotations:
D:8 3 transporters
Lair:5 2 transporters, exclusion: 2 oklob plants, Ziry's ghost, journeyman DgIE


Innate Abilities, Weirdness & Mutations

You have claws for hands.
A demonic guardian rushes to your aid.
You frequently emit foul miasma when damaged in melee.
You are mostly covered in razor-sharp scales. (AC +2, Slay +2)


Message History

Aim: an orc high priest, wielding a +0 trident (severely wounded, about 30% to evade your +6 vampiric demon trident)
The rust devil is in the way.
You puncture the rust devil!
The rust devil is lightly wounded.
Your primal bloodlust is almost over.
The chaos spawn closely misses your orc knight zombie.
The orc high priest hits you from afar with a +0 trident!
The rust devil hits you. The rust devil corrodes you! The sun demon hits you!!
You are engulfed in flames.
You resist.
You emit a cloud of foul miasma!
Your orc knight zombie closely misses the sun demon.
The chaos spawn barely misses your orc knight zombie.
Reach: h) +6 demon trident (vamp)
Press: ? - help, Dir - move target, f/p - orc high priest
Aim: an orc high priest, wielding a +0 trident (severely wounded, about 30% to evade your +6 vampiric demon trident)
The rust devil is in the way.
You completely miss the rust devil.
The rust devil is lightly wounded.
You howl as the wereblood boils in your veins!
The sun demon hits you!
You are engulfed in flames.
You resist. The rust devil closely misses you.
The orc high priest hits you from afar with a +0 trident.
* * * LOW HITPOINT WARNING * * *
The chaos spawn hits your orc knight zombie!
The chaos spawn freezes your orc knight zombie.
Your orc knight zombie resists.
Your orc knight zombie is destroyed!
The orc high priest hits you from afar with a +0 trident!
* * * LOW HITPOINT WARNING * * *
The sun demon barely misses you. The rust devil barely misses you.
Reach: h) +6 demon trident (vamp)
Press: ? - help, Dir - move target, f/p - orc high priest
Aim: an orc high priest, wielding a +0 trident (heavily wounded, about 30% to evade your +6 vampiric demon trident)
The rust devil is in the way.
You hit the rust devil.
The rust devil is moderately wounded.
The sun demon hits you!!
* * * LOW HITPOINT WARNING * * *
A demonic guardian appears!
You are engulfed in flames.
You resist.
* * * LOW HITPOINT WARNING * * *
The orc high priest mumbles some strange prayers to Beogh against you.
Beogh smites you!
You die...
Kikubaaqudgha rasps: "You have failed me!
Welcome... death!"

#. #.........
#.. #.........
#..###.........#
#...............
...............
.3.o)........
#°434.....#
#)@.......#
#.........#
#.........#
#...)[[...#
###[....###
#....[)...#
###)))).###
##.[...## ###
##.......#


You could see an orc high priest (ally target), a sun demon (summoned), a rust
devil (summoned), a chaos spawn (summoned) and a friendly sixfirhy (summoned).

Vanquished Creatures
  Rupert (Lair:3)
  A sphinx (D:12)
  Azrael (Orc:2)
  A yaktaur captain (D:12)
  Erolcha (D:11)
  A boulder beetle (D:12)
  3 catoblepae
  Erica (D:11)
  6 hydras
  3 centaur warriors
  2 two-headed ogres
  A tengu warrior (D:12)
  An orc high priest (Orc:2)
  2 death yaks
  A swamp dragon (Lair:5)
  3 orc knights
  3 lindwurms
  5 ugly things (D:12)
  A deep elf pyromancer (D:12)
  2 elephants (Lair:3)
  2 orc sorcerers
  3 manticores (D:12)
  Maurice (D:12)
  6 black mambas
  10 cane toads
  A gargoyle (D:12)
  Maggie (Lair:1)
  2 kobold demonologists (D:12)
  2 rime drakes
  3 unseen horrors
  11 komodo dragons
  13 polar bears
  A tyrant leech (Lair:2)
  A hornet (D:8)
  6 trolls
  7 blink frogs
  3 raiju (Lair:5)
  8 dream sheep
  2 jumping spiders (Lair:2)
  2 culicivoras (Lair:2)
  2 wraiths (D:10)
  A shadow (D:10)
  Eustachio (D:5)
  6 wyverns
  A fire elemental (Orc:2)
  3 fire bats (Lair:1)
  31 yaks
  6 steam dragons
  Grum (D:11)
  5 basilisks
  8 vampire mosquitoes
  5 wargs
  2 swamp worms (Lair:2)
  10 hell hounds
  8 water moccasins
  6 acid dragons
  24 orc warriors
  8 black bears
  4 ice beasts
  5 ogres
  17 wolves
  4 centaurs
  3 phantoms (D:5)
  7 kobold brigands
  6 bullfrogs
  6 gnoll sergeants
  2 scorpions (D:6)
  3 wyvern zombies (Ossuary)
  3 wights
  2 water moccasin zombies
  3 howler monkeys
  8 centaur zombies
  7 jellies
  11 bullfrog zombies
  12 orc priests
  3 hounds
  A human zombie (D:6)
  2 gnoll boudas (D:9)
  Crazy Yiuf (D:2)
  5 iguanas
  17 orc wizards
  5 hell rats (Lair:5)
  4 killer bee zombies
  A centaur simulacrum (D:8)
  14 mummies
  Robin (D:2)
  16 gnolls
  6 adders
  A howler monkey simulacrum (D:8)
  An ufetubus (D:4)
  2 worms
  5 dart slugs
  59 orcs
  8 endoplasms
  4 giant cockroaches
  9 goblins
  15 hobgoblins
  20 kobolds
  5 quokkas
  4 ball pythons (D:1)
  10 bats
  5 frilled lizards
  A quokka zombie (D:8)
  10 rats
  A rat zombie (D:8)
592 creatures vanquished.

Vanquished Creatures (collateral kills)
  Gastronok (Lair:1)
  An orc warlord (Orc:2)
  2 fire dragons
  A hydra (Lair:2)
  5 death yaks
  An orc high priest (Orc:2)
  A phantasmal warrior (D:12)
  An orc knight (Orc:2)
  An ugly thing (D:12)
  A manticore (D:12)
  4 orc sorcerers (Orc:2)
  4 elephants (Lair:3)
  A cane toad (Lair:4)
  A rime drake (Lair:5)
  3 komodo dragons
  A troll (D:12)
  2 polar bears
  3 blink frogs
  2 slime creatures (D:8)
  4 dream sheep
  11 yaks
  A basilisk (Lair:5)
  A steam dragon (Lair:5)
  A redback (Lair:2)
  A wraith (D:12)
  3 fire elementals (Orc:2)
  2 wargs
  A water moccasin (Lair:5)
  6 hell hounds
  6 orc warriors
  5 black bears (Lair:5)
  4 ogres
  7 wolves (Lair:5)
  2 kobold brigands (D:8)
  2 gnoll sergeants (D:12)
  A bullfrog (Lair:3)
  A water moccasin zombie (Ossuary)
  2 wights (D:10)
  A howler monkey (D:12)
  A centaur zombie (Ossuary)
  7 orc priests
  5 orc wizards
  A mummy (Ossuary)
  A gnoll (D:6)
  A white imp (D:8)
  28 orcs
  An endoplasm (D:8)
  2 hobgoblins
  3 kobolds (D:8)
148 creatures vanquished.

Vanquished Creatures (others)
  A death yak (Lair:1)
  An orc knight (Orc:2)
  2 black mambas
  A cane toad (Lair:2)
  2 komodo dragons (Lair:2)
  A rime drake (Lair:2)
  A troll (Orc:2)
  A hydra zombie (D:12)
  3 dream sheep
  2 basilisks (Lair:1)
  2 water moccasins
  A hell hound (Orc:2)
  8 orc warriors (Orc:2)
  2 bullfrogs
  2 warg zombies (Orc:2)
  3 orc priests (Orc:2)
  An orc wizard (Orc:2)
  An ogre zombie (Orc:2)
  An adder (D:6)
  27 orc zombies
  6 orcs
  A hobgoblin (D:9)
  19 fungi
  85 plants
  6 toadstools (D:8)
  3 withered plants (Ossuary)
183 creatures vanquished.

Grand Total: 923 creatures vanquished

Notes
Turn   | Place    | Note
-------+----------+-------------------------------------------
     0 | D:1      | siradein the Demonspawn Fighter began the quest for the
                  | Orb.
     0 | D:1      | Reached XP level 1. HP: 18/18 MP: 1/1
   306 | D:1      | Gained mutation: A weak demonic guardian rushes to your
                  | aid. [demonic ancestry]
   306 | D:1      | Reached XP level 2. HP: 14/24 MP: 2/2
   742 | D:1      | Reached XP level 3. HP: 29/29 MP: 3/3
  1160 | D:2      | Noticed Robin
  1168 | D:2      | Killed Robin
  1173 | D:2      | Gained mutation: You may rarely emit foul miasma when
                  | damaged in melee. [demonic ancestry]
  1173 | D:2      | Reached XP level 4. HP: 29/35 MP: 4/4
  1709 | D:2      | Found a runed translucent door.
  1710 | D:2      | Noticed Crazy Yiuf
  2314 | D:3      | Gained mutation: You sometimes emit foul miasma when
                  | damaged in melee. [demonic ancestry]
  2314 | D:3      | Reached XP level 5. HP: 41/42 MP: 5/5
  2349 | D:3      | Found a shimmering blue altar of Sif Muna.
  3073 | D:4      | Gained mutation: You are partially covered in razor-sharp
                  | scales. (AC +1, Slay +1) [demonic ancestry]
  3073 | D:4      | Reached XP level 6. HP: 41/48 MP: 6/6
  3623 | D:5      | Entered Level 5 of the Dungeon
  3637 | D:5      | Noticed Eustachio
  3653 | D:5      | Killed Eustachio
  3908 | D:5      | Noticed an ice beast
  3915 | D:5      | Killed an ice beast
  3916 | D:5      | Gained mutation: You have sharp fingernails. [demonic
                  | ancestry]
  3916 | D:5      | Reached XP level 7. HP: 37/55 MP: 7/7
  4363 | D:5      | Reached skill level 5 in Fighting
  4911 | D:5      | Reached skill level 5 in Armour
  5212 | D:6      | Noticed a steam dragon
  5468 | D:5      | Killed a steam dragon
  5469 | D:5      | Reached XP level 8. HP: 35/64 MP: 8/8
  5503 | D:6      | Reached skill level 5 in Polearms
  5936 | D:6      | Found a basalt altar of Yredelemnul.
  6206 | D:6      | Found an ancient bone altar of Kikubaaqudgha.
  6206 | D:6      | Found a snail-covered altar of Cheibriados.
  6210 | D:6      | Found a sacrificial altar of Ru.
  6216 | D:6      | Found a stormy altar of Qazlal.
  6227 | D:6      | Became a worshipper of Kikubaaqudgha
  6940 | D:6      | Reached skill level 1 in Necromancy
  7207 | D:6      | Found a staircase to the Ecumenical Temple.
  7214 | D:6      | Gained mutation: You frequently emit foul miasma when
                  | damaged in melee. [demonic ancestry]
  7214 | D:6      | Reached XP level 9. HP: 66/72 MP: 9/9
  7463 | D:7      | Reached skill level 2 in Necromancy
  7557 | D:7      | Found a flagged portal.
  7571 | Bailey   | Entered a bailey
  7599 | Bailey   | Reached * piety under Kikubaaqudgha
  7599 | Bailey   | Received a gift from Kikubaaqudgha
  7615 | Bailey   | Learned a level 3 spell: Vampiric Draining
  7748 | Bailey   | Reached skill level 3 in Necromancy
  8252 | Bailey   | Reached skill level 4 in Necromancy
  8422 | Bailey   | Noticed an orc knight
  8459 | Bailey   | Killed an orc knight
  8460 | Bailey   | Reached skill level 5 in Necromancy
  8939 | D:7      | Found a burning altar of Makhleb.
  9285 | D:7      | Reached skill level 6 in Necromancy
  9313 | D:7      | Gained mutation: A demonic guardian rushes to your aid.
                  | [demonic ancestry]
  9313 | D:7      | Reached XP level 10. HP: 66/83 MP: 10/10
 10133 | D:8      | Paralysed by a hornet for 3 turns
 10139 | D:8      | Reached skill level 7 in Necromancy
 10254 | D:8      | Found a sand-covered staircase.
 10262 | Ossuary  | Entered an ossuary
 10335 | Ossuary  | Reached ** piety under Kikubaaqudgha
 10616 | Ossuary  | Reached skill level 10 in Fighting
 10819 | Ossuary  | Reached skill level 8 in Necromancy
 11193 | D:8      | Learned a level 4 spell: Anguish
 11565 | D:8      | Reached *** piety under Kikubaaqudgha
 11565 | D:8      | Received a gift from Kikubaaqudgha
 11566 | D:8      | Reached skill level 1 in Hexes
 12027 | D:8      | Reached skill level 9 in Necromancy
 12392 | D:8      | Found a staircase to the Lair.
 12425 | D:8      | Found a transporter.
 12497 | D:8      | Reached XP level 11. HP: 87/92 MP: 11/11
 12714 | D:8      | Found a transporter.
 12715 | D:8      | Found a transporter.
 12737 | D:8      | Found a transporter.
 13500 | D:9      | Reached skill level 1 in Spellcasting
 13531 | D:9      | Reached skill level 10 in Necromancy
 13807 | D:9      | Reached **** piety under Kikubaaqudgha
 14722 | D:10     | Entered Level 10 of the Dungeon
 14970 | D:2      | Killed Crazy Yiuf
 15238 | Lair:1   | Entered Level 1 of the Lair of Beasts
 15239 | Lair:1   | Acquired a +0 vampiric demon trident
 15390 | D:10     | Noticed a centaur warrior
 15425 | D:10     | Reached skill level 5 in Hexes
 15611 | D:10     | Reached skill level 11 in Necromancy
 15620 | D:10     | Killed a centaur warrior
 15620 | D:10     | Reached ***** piety under Kikubaaqudgha
 15746 | D:10     | Noticed a two-headed ogre
 15751 | D:10     | Identified the +10 short sword "Voitsip" {vamp, rElec rF+
                  | Str-3}
 15757 | D:10     | Killed a two-headed ogre
 15869 | D:10     | Identified the +0 scale mail of the Komodo Dragon {Harm
                  | Rampage rC++ Dex+4}
 16127 | D:11     | Learned a level 6 spell: Death Channel
 16133 | D:11     | Noticed a centaur warrior
 16141 | D:11     | Killed a centaur warrior
 16323 | D:11     | Reached XP level 12. HP: 95/102 MP: 17/17
 16612 | D:11     | Noticed Erica
 16625 | D:11     | Killed Erica
 16728 | D:11     | Reached skill level 12 in Necromancy
 16822 | D:11     | Noticed Erolcha
 16839 | D:11     | Killed Erolcha
 16919 | D:11     | Noticed Grum
 16925 | D:11     | Killed Grum
 17198 | Lair:1   | Learned a level 5 spell: Borgnjor's Vile Clutch
 17394 | Lair:1   | Identified the +2 great sword of Cheese {vorpal, rCorr
                  | Int+6}
 17503 | Lair:1   | Noticed Gastronok
 17526 | Lair:1   | Killed Gastronok
 17527 | Lair:1   | Reached skill level 1 in Earth Magic
 17912 | Lair:1   | Noticed a four-headed hydra
 17922 | Lair:1   | Killed a four-headed hydra
 17923 | Lair:1   | Reached skill level 5 in Spellcasting
 18081 | Lair:1   | Identified the amulet of Viaplo {Spirit Contam rElec rF+
                  | rN+}
 18393 | Lair:1   | Reached skill level 13 in Necromancy
 18563 | Lair:1   | Noticed Maggie
 18578 | Lair:1   | Killed Maggie
 19393 | Lair:2   | Noticed a six-headed hydra
 19403 | Lair:2   | Killed a six-headed hydra
 19600 | Lair:2   | Noticed a death yak
 19601 | Lair:2   | Noticed a death yak
 19601 | Lair:2   | Noticed a death yak
 19601 | Lair:2   | Noticed a death yak
 19610 | Lair:2   | Killed a death yak
 19613 | Lair:2   | Killed a death yak
 19617 | Lair:2   | Killed a death yak
 19619 | Lair:2   | Killed a death yak
 19620 | Lair:2   | Gained mutation: You have very sharp fingernails. [demonic
                  | ancestry]
 19620 | Lair:2   | Reached XP level 13. HP: 79/109 MP: 21/21
 19667 | Lair:2   | Found a hole to the Spider Nest.
 20097 | Lair:2   | Found a staircase to the Swamp.
 20425 | Lair:2   | Reached skill level 14 in Necromancy
 21132 | Lair:3   | Noticed Rupert
 21148 | Lair:3   | Killed Rupert
 22189 | Lair:3   | Reached skill level 5 in Earth Magic
 22841 | Lair:4   | Learned a level 2 spell: Wereblood
 23375 | Lair:4   | Reached skill level 1 in Transmutations
 23821 | Lair:5   | Entered Level 5 of the Lair of Beasts
 23971 | Lair:5   | Noticed Ziry's ghost (journeyman DgIE)
 24187 | Lair:5   | Found a transporter.
 24203 | Lair:5   | Gained mutation: You are mostly covered in razor-sharp
                  | scales. (AC +2, Slay +2) [demonic ancestry]
 24203 | Lair:5   | Reached XP level 14. HP: 105/119 MP: 25/25
 24220 | Lair:5   | Found a transporter.
 24528 | Lair:5   | Reached skill level 15 in Necromancy
 24684 | Lair:5   | Found a viscous altar of Jiyva.
 24684 | Lair:5   | Found a staircase to the Slime Pits.
 25064 | Lair:5   | Reached ****** piety under Kikubaaqudgha
 25065 | Lair:5   | Received a gift from Kikubaaqudgha
 26418 | D:12     | Noticed Maurice
 26423 | D:12     | Killed Maurice
 26849 | D:12     | Noticed a sphinx
 26864 | D:12     | Killed a sphinx
 27841 | D:12     | Learned a level 4 spell: Animate Dead
 27969 | D:12     | Reached skill level 5 in Transmutations
 28091 | D:12     | Gained mutation: You have claws for hands. [demonic
                  | ancestry]
 28091 | D:12     | Reached XP level 15. HP: 108/127 MP: 27/27
 28152 | D:12     | Identified the ring of Equivalence {Wiz +Blink rCorr Dex-2}
 28314 | D:12     | Found a staircase to the Orcish Mines.
 28747 | Orc:1    | Entered Level 1 of the Orcish Mines
 28775 | Orc:1    | Found Hiumeceaxa's Book Boutique.
 29082 | Orc:2    | Entered Level 2 of the Orcish Mines
 29111 | Orc:2    | Learned a level 6 spell: Simulacrum
 29229 | Orc:2    | Found a staircase to the Elven Halls.
 29448 | Orc:2    | Noticed Azrael
 29461 | Orc:2    | Noticed an orc warlord
 29844 | Orc:2    | Killed Azrael
 30268 | Orc:2    | Killed an orc warlord
 30336 | Orc:2    | Reached skill level 16 in Necromancy
 30421 | Orc:2    | HP: 3/127 [sun demon[an orc high priest] (4)]
 30421 | Orc:2    | Killed from afar by an orc high priest

Illustrated notes

Levels and vault maps discovered:
D:1:      tarquinn_simple_flora_water_e, layout_loops_ring, st_stairs_14
D:2:      layout_rooms, uniq_crazy_yiuf_cottage, uniq_robin
D:3:      layout_loops_ring, led_sif_book
D:4:      layout_loops_ring
D:5:      layout_loops_corners, tso_altar, uniq_eustachio
D:6:      layout_cave_pools, lemuel_mausoleum_altar_yredelemnul,
          grunt_temple_overflow_open, temple_green, nrook_uturn,
          roderic_roman_lattice, serial_bayou_pond_c
D:7:      layout_layer_cave, mainiacjoe_overflow_six_doors_small,
          enter_bailey_6, nrook_loot_triangle
D:8:      cheibrodos_fertilizer, layout_loops_ring, lair_entry_dummy,
          enter_ossuary_4, serial_ice, serial_ice_f, serial_ice_o, serial_ice_h,
          serial_ice_d, nicolae_diode_quadrants
D:9:      kennysheep_housing_project, layout_basic, minivault_26
D:10:     minmay_clustersquares, layout_rooms
D:11:     layout_roguey, uniq_erica, uniq_erolcha, uniq_grum
D:12:     evilmike_diamond_1, layout_basic,
          kennysheep_orc_monster_closet_entryway, serial_glass, glass_columns_a,
          glass_columns_b, lightli_corner_chamber, uniq_maurice
Lair:1:   layout_cave_pods, nicolae_volcano_entry_batcave, uniq_maggie,
          uniq_gastronok
Lair:2:   layout_loops_ring, minmay_swamp_entry_worms,
          spider_nest_entry_funnel_web, grunt_megastairs_4
Lair:3:   layout_gridlike, uniq_rupert
Lair:4:   layout_cave_pods
Lair:5:   guppyfry_lair_end_dragon, layout_cellular_growth,
          hangedman_lair_caniforms_friends, dpeg_slime_entry_enclosed,
          nzn_ghost_randoct
Orc:1:    layout_diamond_mine, serial_shops, nicolae_shop_stone
Orc:2:    st_orc_congregation, layout_diamond_mine, uniq_azrael

Skill      XL: |  1  2  3  4  5  6  7  8  9 10 11 12 13 14 15 |
---------------+----------------------------------------------+-----
Polearms       | 2 3 4 6 |  6.1
Armour         | 3 4 5 6 7 8 |  8.1
Shields        | 3 4 |  4.7
Fighting       | 4 5 7 9 10 11 12 13 14 | 14.8
Necromancy     | 1 6 9 11 13 14 15 16 | 16.0
Hexes          | 3 5 |  5.0
Spellcasting   | 3 5 7 8 9 |  9.3
Earth Magic    | 3 5 7 |  7.9
Transmutations | 2 5 |  5.0

Action                   |  1- 3 |  4- 6 |  7- 9 | 10-12 | 13-15 || total
-------------------------+-------+-------+-------+-------+-------++-------
Melee: Trident           |   135 |   187 |   260 |    66 |       ||   648
       Spear             |       |       |   199 |   632 |       ||   831
       Demon trident     |       |       |       |   291 |   752 ||  1043
       Short sword       |       |       |       |    14 |       ||    14
 Cast: Vampiric Draining |       |       |       |    35 |    28 ||    63
       Anguish           |       |       |       |     1 |     2 ||     3
       Death Channel     |       |       |       |     4 |    36 ||    40
       Borgnjor's Vile C |       |       |       |       |    68 ||    68
       Wereblood         |       |       |       |       |    18 ||    18
       Animate Dead      |       |       |       |       |     7 ||     7
Invok: Unearth Wretches  |       |       |       |     4 |     5 ||     9
       Receive Forbidden |       |       |       |       |     1 ||     1
  Use: Scroll            |       |     4 |     1 |    18 |    14 ||    37
       Potion            |       |       |     1 |       |       ||     1
 Stab: Sleeping          |       |       |     3 |     3 |       ||     6
       Distracted        |       |       |     1 |     2 |     7 ||    10
       Paralysed         |       |       |       |     7 |     6 ||    13
       Petrified         |       |       |       |       |     7 ||     7
Armor: Scale mail        |    50 |    67 |    53 |       |       ||   170
       Steam dragon scal |       |       |    91 |   272 |       ||   363
       Plate armour      |       |       |    20 |   150 |       ||   170
       Acid dragon scale |       |       |       |    32 |   276 ||   308
       Fire dragon scale |       |       |       |       |   179 ||   179
Dodge: Dodged            |    31 |    54 |   168 |   292 |   275 ||   820
Block: Buckler           |    23 |    25 |   102 |   185 |   131 ||   466
       Kite shield       |       |       |       |       |    74 ||    74

Table legend: (Time is in decaauts)
 A = Elapsed time spent in this place.
 B = Non-inter-level travel time spent in this place.
 C = Inter-level travel time spent in this place.
 D = Time resting spent in this place.
 E = Time spent auto-exploring this place.
 F = Levels seen in this place.
 G = Mean time per level.
                   A        B        C        D        E       F      G
               +--------+--------+--------+--------+--------+-----+--------+
         Total |  31129 |  29735 |   1394 |   1418 |  22998 |  21 | 1482.3 |
       Dungeon |  17568 |  16584 |    984 |    937 |  12615 |  12 | 1464.0 |
          Lair |   9609 |   9220 |    389 |      0 |   7884 |   5 | 1921.8 |
  Orcish Mines |   1835 |   1815 |     20 |    264 |   1162 |   2 |  917.5 |
       Ossuary |    793 |    793 |      0 |    125 |    417 |   1 |  793.0 |
        Bailey |   1323 |   1323 |      0 |     92 |    920 |   1 | 1323.0 |
               +--------+--------+--------+--------+--------+-----+--------+

Top non-repeatable levels by time:
  Lair:5: 2563 daAuts
     D:8: 2473 daAuts
    D:12: 2419 daAuts
     D:5: 2358 daAuts
  Lair:2: 2236 daAuts
  Lair:1: 1896 daAuts
     D:9: 1649 daAuts
  Lair:4: 1556 daAuts
     D:6: 1483 daAuts
  Lair:3: 1356 daAuts
  Bailey: 1323 daAuts
     D:7: 1283 daAuts
   Orc:2: 1175 daAuts
    D:11: 1077 daAuts
     D:3: 1072 daAuts
